 Dungeon Crawl Stone Soup version 0.32-a0-779-g362cfcae2a (webtiles) character file.

Game seed: 7328801928403690211

53 pokeman the Magician (level 3, 0/20 HPs)
             Began as a Deep Elf Hedge Wizard on Mar 19, 2024.
             Succumbed to an adder's poison
             ... on level 2 of the Dungeon.
             The game lasted 00:03:27 (1647 turns).

pokeman the Magician (Deep Elf Hedge Wizard)        Turns: 1647, Time: 00:03:27

Health: 0/20       AC:  2    Str:  7    XL:     3   Next: 64%
Magic:  0/11       EV: 11    Int: 20    God:
Gold:   44         SH:  0    Dex: 14    Spells: 1/12 levels left

rFire   . . .        a - +0 dagger
rCold   . . .        (no shield)
rNeg    . . .        b - +0 robe
rPois   .            c - +0 hat
rElec   .            (no cloak)
rCorr   .            (no gloves)
SInv    .            (no boots)
Will    .....        (no amulet)
Stlth   ++           (no ring)
HPRegen 0.23/turn    (no ring)
MPRegen 0.12/turn

%: no passive effects
@: lethally poisoned (0 -> -6), very slightly contaminated
A: no striking features
a: no special abilities


You were on level 2 of the Dungeon.
You visited 1 branch of the dungeon, and saw 2 of its levels.

You collected 44 gold pieces.

Inventory:

Hand Weapons
 a - a +0 dagger (weapon)
Armour
 b - a +0 robe (worn)
 c - a +0 hat (worn)
Scrolls
 e - a scroll of revelation {unknown}
 f - a scroll of fear {unknown}
 g - a scroll of identify {unknown}
 h - a scroll of noise {unknown}
 i - a scroll of enchant weapon {unknown}
Potions
 d - a potion of magic


   Skills:
 - Level 1.0 Fighting
 - Level 1.0 Armour
 + Level 2.4 Dodging
 + Level 2.4 Stealth
 * Level 5.3 Spellcasting
 + Level 1.9 Conjurations
 - Level 1.1 Summonings
 - Level 1.1 Translocations


You had one spell level left.
You knew the following spells:

 Your Spells              Type           Power      Damage    Failure   Level
a - Magic Dart            Conj           52%        1d5       4%          1
b - Mephitic Cloud        Conj/Alch/Air  7%         N/A       26%         3
c - Call Imp              Summ           18%        N/A       11%         2
d - Blink                 Tloc           18%        N/A       11%         2
e - Stone Arrow           Conj/Erth      18%        3d8       22%         3

Your spell library contained the following spells:

 Spells                   Type           Power      Damage    Failure   Level
 Sandblast                Erth           10%        2d5       11%         1
 Slow                     Hex            20%        N/A       11%         1
 Cigotuvi's Dreadful Rot  Necr/Alch/Air  10%        N/A       17%         2
 Summon Ice Beast         Ice/Summ       7%         N/A       26%         3
 Brom's Barrelling Bould  Conj/Erth      9%         2d3       58%         4
 Summon Mana Viper        Hex/Summ       7%         N/A       94%         5
 Monstrous Menagerie      Summ           4%         N/A       100%        7


Dungeon Overview and Level Annotations

Branches:
Dungeon (2/15)

Altars:


Message History

The adder poisons you!
Casting: Magic Dart (safe; 4% risk of failure)
Confirm with . or Enter, or press ? or * to list all spells.
Aiming: Magic Dart (safe; 4% risk of failure)
Press: ? - help, Shift-Dir - straight line, f/p - adder
Aim: an adder (severely wounded, 100% to hit)
You miscast Magic Dart.
You are very lightly contaminated with residual magic.
Nothing appears to happen.
You feel sick. The adder misses you. The adder bites you.
* * * LOW HITPOINT WARNING * * *
Casting: Magic Dart (safe; 4% risk of failure)
Confirm with . or Enter, or press ? or * to list all spells.
Aiming: Magic Dart (safe; 4% risk of failure)
Press: ? - help, Shift-Dir - straight line, f/p - adder
Aim: an adder (severely wounded, 100% to hit)
The magic dart hits the adder.
The adder is almost dead.
You feel sick. The adder bites you.
* * * LOW HITPOINT WARNING * * *
You are more poisoned.
The adder poisons you!
Casting: Magic Dart (safe; 4% risk of failure)
Confirm with . or Enter, or press ? or * to list all spells.
Aiming: Magic Dart (safe; 4% risk of failure)
Press: ? - help, Shift-Dir - straight line, f/p - adder
Aim: an adder (almost dead, 100% to hit)
The magic dart hits the adder.
The adder is almost dead.
* * * LOW HITPOINT WARNING * * *
You feel very sick. The adder closely misses you.
Casting: Magic Dart (safe; 4% risk of failure)
Confirm with . or Enter, or press ? or * to list all spells.
Aiming: Magic Dart (safe; 4% risk of failure)
Press: ? - help, Shift-Dir - straight line, f/p - adder
Aim: an adder (almost dead, 100% to hit)
The magic dart hits the adder.
You kill the adder!
You die...

#..#
#...#..รท..#.#
#..##
#...####.....
#....
#...####.####
#.##.
#.......<....
#.
##...........
#.
#.#####.####
#. #.# #.#
#.#.#### #.#
#.#
#...@).###.#
#..
###.##.....#
#.# #. #.#####
..# #. #.# #.
#.# #. ... ##
#.# #.# #.#


There were no monsters in sight!

Vanquished Creatures
  Jessica (D:2)
  An adder (D:2)
  A ribbon worm (D:2)
  4 bats
  2 endoplasms (D:1)
  2 giant cockroaches (D:1)
  A quokka (D:1)
  5 ball pythons
  5 frilled lizards
  A goblin (D:1)
  4 kobolds (D:1)
  A rat (D:1)
28 creatures vanquished.

Notes
Turn   | Place    | Note
-------+----------+-------------------------------------------
     0 | D:1      | pokeman the Deep Elf Hedge Wizard began the quest for the
                  | Orb.
     0 | D:1      | Reached XP level 1. HP: 10/10 MP: 7/7
   400 | D:1      | Reached XP level 2. HP: 15/15 MP: 6/9
  1251 | D:2      | Reached skill level 5 in Spellcasting
  1495 | D:1      | Learned a level 2 spell: Call Imp
  1584 | D:2      | Noticed Jessica
  1599 | D:2      | Killed Jessica
  1600 | D:2      | Reached skill level 1 in Fighting
  1600 | D:2      | Reached skill level 1 in Armour
  1600 | D:2      | Reached XP level 3. HP: 3/20 MP: 1/11
  1604 | D:2      | Learned a level 3 spell: Mephitic Cloud
  1607 | D:2      | Learned a level 2 spell: Blink
  1611 | D:2      | Learned a level 3 spell: Stone Arrow
  1646 | D:2      | HP: 1/20 [poisoned by an adder]
  1647 | D:2      | Succumbed to an adder's poison

Illustrated notes

Levels and vault maps discovered:
D:1:      wander_arrival_chamber, layout_basic, grunt_decor_cap,
          minmay_misc_feat_room
D:2:      layout_loops_ring, uniq_jessica

Skill      XL: |  1  2 |
---------------+-------+-----
Spellcasting   | 5 |  5.3
Fighting       | 1 |  1.0
Armour         | 1 |  1.0
Dodging        | |  2.4
Stealth        | |  2.4
Conjurations   | |  1.9
Summonings     | |  1.1
Translocations | |  1.1

Action                     || total
---------------------------++-------
  Melee: Dagger            ||    14
   Cast: Magic Dart        ||   100
         Call Imp          ||     2
 Armour: Robe              ||    26
  Dodge: Dodged            ||    29

Table legend: (Time is in decaauts)
 A = Elapsed time spent in this place.
 B = Non-inter-level travel time spent in this place.
 C = Inter-level travel time spent in this place.
 D = Time resting spent in this place.
 E = Time spent auto-exploring this place.
 F = Levels seen in this place.
 G = Mean time per level.
                   A        B        C        D        E       F      G
               +--------+--------+--------+--------+--------+-----+--------+
         Total |   1656 |   1510 |    146 |     64 |   1187 |   2 |  828.0 |
       Dungeon |   1656 |   1510 |    146 |     64 |   1187 |   2 |  828.0 |
               +--------+--------+--------+--------+--------+-----+--------+

Top non-repeatable levels by time:
     D:1: 1290 daAuts
     D:2: 366 daAuts
